[Event "RUS-ch Rapid 2021"]
[Site "Sochi"]
[Date "2021.10.13"]
[Round "10.19"]
[White "Zhakamukhov, Eduard"]
[Black "Vastrukhin, Oleg"]
[Result "0-1"]
[ECO "C09"]
[WhiteElo "2008"]
[BlackElo "2382"]
[Annotator "NA"]
[PlyCount "74"]
[EventDate "2021.10.12"]
[EventType "swiss"]
[EventCountry "RUS"]
[SourceTitle "playchess.com"]
[Source "ChessBase"]
[SourceQuality "1"]
[TimeControl "900+10"]

1. e4 e6 2. d4 d5 3. Nd2 c5 4. Ngf3 Nc6 5. exd5 exd5 6. Bb5 Bd6 7. dxc5 Bxc5 8. O-O Nge7 9. Nb3 Bb6 10. Bg5 O-O 11. h3 h6 12. Bh4 Qd6 13.
Bxe7 Nxe7 14. c3 Ng6 15. Nfd4 Nf4 16. Qf3 Bc7 17. Qg3 a6 18. Be2 Qf6 19. Kh1 Bd6 20. Bg4 Ng6 21. Qf3 Qe5 22. g3 f5 23. Bh5 Ne7 24. Qe2 Qf6 25. f4 Bd7 26. Bf3 g5 27. Bg2 Rae8 28.
Qf2 gxf4 29. gxf4 Kh7 30. Nc1 Ng6 31. Nd3 Re4 32. Rae1 Rg8 33.
Ne5 Nxe5 34. Bxe4 dxe4 35. fxe5 Qxe5 36. Nxf5 e3 37. Nxe3 Bc6+ 0-1

[Event "RUS-ch Rapid 2021"]
[Site "Sochi"]
[Date "2021.10.13"]
[Round "10.20"]
[White "Kezin, Roman"]
[Black "Nuristani, Iman"]
[Result "1-0"]
[ECO "A58"]
[WhiteElo "2492"]
[BlackElo "2171"]
[Annotator "RC"]
[PlyCount "93"]
[EventDate "2021.10.12"]
[EventType "swiss"]
[EventCountry "RUS"]
[SourceTitle "playchess.com"]
[Source "ChessBase"]
[SourceQuality "1"]
[TimeControl "900+10"]

1. d4 Nf6 2. c4 c5 3. d5 b5 4. Nf3 g6 5. cxb5 a6 6. bxa6 Bxa6 7. Nc3 Bg7 8.
g3 O-O 9. Bg2 d6 10. O-O Nbd7 11. Rb1 Qa5 12. Bd2 Bb7 13. Qc2 Ng4 14. h3 Nge5 15. Nxe5 Nxe5 16. b3 Qa3 17. Bc1 Qa6 18. a4 Bc8 19. Rd1 Rb8 20. Kh2 Nd7 21. e4 f5 22. exf5 Rxf5 23. f4 Nb6 24. g4 Rf8 25. Ne4 Bd7 26. Be3 c4 27. Qe2 Qa5 28. bxc4 Nxa4 29. Qc2 Qc7 30. Rdc1 Nc5 31. Nxc5 dxc5 32. Kh1 Qd6 33. Rxb8 Rxb8 34. Rb1 Rf8 35. Qf2 Rc8 36. Rb7 Be8 37. Qa2 Bd4 38. Bc1 Rb8 39. Qa7 Rxb7 40. Qxb7 Bd7 41. Bf3 g5 42. Qb1 gxf4 43. Qe4 Qe5 44. Bxf4 Qg7 45. d6 exd6 46. Qa8+ Qf8 47. Bd5+ 1-0

[Event "RUS-ch Rapid 2021"]
[Site "Sochi"]
[Date "2021.10.13"]
[Round "10.21"]
[White "Derjabin, Ilja"]
[Black "Khanin, Semen"]
[Result "1/2-1/2"]
[ECO "D36"]
[WhiteElo "2353"]
[BlackElo "2521"]
[Annotator "ChessBase"]
[PlyCount "84"]
[EventDate "2021.10.12"]
[EventType "swiss"]
[EventCountry "RUS"]
[SourceTitle "playchess.com"]
[Source "ChessBase"]
[SourceQuality "1"]
[TimeControl "900+10"]

1. d4 Nf6 2. c4 e6 3. Nc3 d5 4. cxd5 exd5 5. Bg5 c6 6. e3 Nbd7 7. Bd3 Bd6 8. Nge2 Nf8 9. Qc2 Ng6 10. O-O-O h6 11. Bxg6 hxg5 12. Bd3 Qe7 13. Ng3 Be6 14. Nf5 Bxf5 15. Bxf5 g6 16. Bd3 O-O-O 17. h3 Kb8 18. Kb1 Rh4 19. Rhe1 Ne4 20. Bxe4 dxe4 21. d5 c5 22. g3 Rxh3 23. Qxe4 Qf6 24. Re2 Rh2 25. Qc2 g4 26. f4 Rxe2 27. Qxe2 g5 28. Qxg4 gxf4 29. gxf4 Re8 30. Qf3 Qf5+ 31. Ka1 Be5 32. d6 Bxc3 33. bxc3 Qc2 34. e4 c4 35. e5 Rh8 36. d7 Rd8 37. Qd5 Qxc3+ 38. Kb1 Qb4+ 39. Kc2 Qa4+ 40. Kb2 Qb4+ 41. Kc2 Qa4+ 42. Kb2 Qb4+ 1/2-1/2

[Event "RUS-ch Rapid 2021"]
[Site "Sochi"]
[Date "2021.10.13"]
[Round "10.22"]
[White "Rodin, Dmitrij"]
[Black "Savchenko, Boris"]
[Result "0-1"]
[ECO "B01"]
[WhiteElo "2359"]
[BlackElo "2535"]
[Annotator "ChessBase"]
[PlyCount "60"]
[EventDate "2021.10.12"]
[EventType "swiss"]
[EventCountry "RUS"]
[SourceTitle "playchess.com"]
[Source "ChessBase"]
[SourceQuality "1"]
[TimeControl "900+10"]

1. e4 d5 2. exd5 Qxd5 3. Nc3 Qa5 4. d4 Nf6 5. Nf3 Bf5 6. Bc4 Nc6 7. O-O e6 8. Bb5 Bb4 9. Qe2 O-O 10. Bd2 Rfd8 11. a3 Bxc3 12. bxc3 Ne4 13. a4 a6 14. Bxc6 Nxd2 15. Qxd2 bxc6 16. Rfe1 c5 17. Qf4 Qxc3 18. g4 Bg6 19. h4 cxd4 20. h5 Bxc2 21. Ng5 Rd7 22. h6 gxh6 23. Nf3 d3 24. Nd2 Rd4 25. Qf3 Rad8 26. Rad1 Qb4 27. Kh2 Rxg4 28. Ne4 Bxd1 29. Nf6+ Kf8 30. Nxh7+ Kg7 0-1

[Event "RUS-ch Rapid 2021"]
[Site "Sochi"]
[Date "2021.10.13"]
[Round "10.23"]
[White "Khegay, Dmitriy"]
[Black "Nazaretyan, Tigran"]
[Result "1-0"]
[ECO "A45"]
[WhiteElo "2521"]
[BlackElo "2316"]
[Annotator "ChessBase"]
[PlyCount "107"]
[EventDate "2021.10.12"]
[EventType "swiss"]
[EventCountry "RUS"]
[SourceTitle "playchess.com"]
[Source "ChessBase"]
[SourceQuality "1"]
[TimeControl "900+10"]

1. d4 Nf6 2. Bf4 d6 3. e3 Nbd7 4. h3 e5 5. Bh2 Qe7 6. Nf3 exd4 7. Nxd4 g6 8. Be2 Bg7 9. O-O O-O 10. c4 Ne4 11. Nd2 Ndc5 12. Nxe4 Nxe4 13. Qc2 a5 14. Rfd1 Bd7 15. Bf3 Rae8 16. Rac1 b6 17. Nb5 Bf5 18. Qe2 h5 19. b3 Qd8 20. Nd4 Bd7 21. Qc2 f5 22. a3 Bh6 23.
Re1 Re7 24. b4 axb4 25. axb4 Qe8 26. Bxe4 Rxe4 27. Nf3 Rf6 28. c5 dxc5 29. bxc5 Rc6 30. Qb3+ Be6 31. Qb5 Bd7 32. Rcd1 bxc5 33. Ne5 Rb4 34. Qa5 Rd6 35. Qxc5 Rb7 36. Nxd7 Rxd1 37. Qc4+ Qf7 38. Qxf7+ Kxf7 39. Rxd1 Bg7 40. Ne5+ Kf6 41. h4 Rb5 42. Nf3 c5 43. Be5+ Kf7 44. Rd7+ Ke6 45. Rxg7 c4 46. Rxg6+ Kd5 47. Rd6+ Kc5 48. Rf6 Kd5 49. Rxf5 Ke4 50. Rf4+ Kd3 51. Rd4+ Kc2 52. Rxc4+ Kd3 53. Rd4+ Kc2 54. Kh2 1-0

[Event "RUS-ch Rapid 2021"]
[Site "Sochi"]
[Date "2021.10.13"]
[Round "10.24"]
[White "Potapov, Pavel"]
[Black "Yatzenko, Anton"]
[Result "1/2-1/2"]
[ECO "C85"]
[WhiteElo "2481"]
[BlackElo "2370"]
[Annotator "ChessBase"]
[PlyCount "55"]
[EventDate "2021.10.12"]
[EventType "swiss"]
[EventCountry "RUS"]
[SourceTitle "playchess.com"]
[Source "ChessBase"]
[SourceQuality "1"]
[TimeControl "900+10"]

1. e4 e5 2. Nf3 Nc6 3. Bb5 a6 4. Ba4 Nf6 5. Bxc6 dxc6 6. d3 Nd7 7. b3 Bd6 8. Bb2 O-O 9. Nbd2 Re8 10. O-O Bf8 11. Nc4 f6 12. a4 a5 13. h3 Nc5 14. Ne3 Be6 15. Kh2 Qd7 16. Qe2 Rad8 17. Rfd1 Bf7 18. Nf5 Ne6 19. g3 g6 20. Ne3 Nd4 21. Nxd4 exd4 22. Nc4 b6 23. f4 Bg7 24. Nd2 Be6 25. Qg2 c5 26. Nf3 f5 27. e5 Bd5 28.
Bc1 1/2-1/2

[Event "RUS-ch Rapid 2021"]
[Site "Sochi"]
[Date "2021.10.13"]
[Round "11.1"]
[White "Bocharov, Dmitry"]
[Black "Tsydypov, Zhamsaran"]
[Result "1/2-1/2"]
[ECO "D78"]
[WhiteElo "2517"]
[BlackElo "2526"]
[Annotator "ChessBase"]
[PlyCount "33"]
[EventDate "2021.10.12"]
[EventType "swiss"]
[EventCountry "RUS"]
[SourceTitle "playchess.com"]
[Source "ChessBase"]
[SourceQuality "1"]
[TimeControl "900+10"]

1. d4 Nf6 2. c4 g6 3. Nf3 Bg7 4. g3 c6 5. Bg2 d5 6. Qb3 O-O 7. O-O dxc4 8.
Qxc4 Be6 9. Qa4 Nbd7 10. Nc3 Bf5 11. Rd1 a5 12. Qb3 Qc8 13.
Bf4 Ne4 14. Rac1 Nxc3 15. bxc3 a4 16. Qb4 Re8 17. c4 1/2-1/2

[Event "RUS-ch Rapid 2021"]
[Site "Sochi"]
[Date "2021.10.13"]
[Round "11.2"]
[White "Alekseev, Evgeny"]
[Black "Rozum, Ivan"]
[Result "1/2-1/2"]
[ECO "B13"]
[WhiteElo "2602"]
[BlackElo "2529"]
[Annotator "RC"]
[PlyCount "62"]
[EventDate "2021.10.12"]
[EventType "swiss"]
[EventCountry "RUS"]
[SourceTitle "playchess.com"]
[Source "ChessBase"]
[SourceQuality "1"]
[TimeControl "900+10"]

1. e4 c6 2. d4 d5 3. exd5 cxd5 4. Bd3 Nc6 5. c3 Nf6 6. Bf4 Bg4 7. Qb3 Qd7 8. Nd2 e6 9. Ngf3 Bd6 10. Ne5 Qc7 11. O-O Nxe5 12. dxe5 Bxe5 13. Bxe5 Qxe5 14. Qb5+ Nd7 15. Qxb7 Qb8 16. Qb4 Qxb4 17. cxb4 Ke7 18. Rfc1 Rhb8 19. a3 a5 20. b5 a4 21. f3 Bf5 22. Bxf5 exf5 23. b4 axb3 24. Nxb3 Rxb5 25. Nd4 Rc5 26. Nxf5+ Kf6 27. Ne3 Rxc1+ 28. Rxc1 d4 29. Rc6+ Ke5 30. Nc4+ Kd5 31. Rc7 Ra6 1/2-1/2

[Event "RUS-ch Rapid 2021"]
[Site "Sochi"]
[Date "2021.10.13"]
[Round "11.3"]
[White "Murzin, Volodar"]
[Black "Sjugirov, Sanan"]
[Result "0-1"]
[ECO "B30"]
[WhiteElo "2513"]
[BlackElo "2663"]
[Annotator "RC"]
[PlyCount "122"]
[EventDate "2021.10.12"]
[EventType "swiss"]
[EventCountry "RUS"]
[SourceTitle "playchess.com"]
[Source "ChessBase"]
[SourceQuality "1"]
[TimeControl "900+10"]

1. e4 c5 2. Nf3 Nc6 3. Bb5 e6 4. O-O Nge7 5. d4 cxd4 6. Nxd4 Ng6 7. Be3 Be7 8. Re1 O-O 9. Nd2 Nxd4 10. Bxd4 b6 11. c3 Bb7 12. Bf1 Qc7 13.
a4 f5 14. e5 Bc6 15. b4 Rad8 16. g3 Bb7 17. Bg2 Bxg2 18. Kxg2 f4 19. f3 d6 20. exd6 Bxd6 21. Ne4 fxg3 22. hxg3 Bxg3 23. Nxg3 Nh4+ 24. Kh3 Nxf3 25. Rf1 Qc6 26. Qe2 Qd5 27. Rxf3 Rxf3 28. Re1 Re8 29. Qe4 Qxe4 30. Rxe4 Rd3 31. Kg2 Rd2+ 32. Kh3 Rd3 33. Kg2 g6 34. Re5 Rd2+ 35. Kh3 Rd3 36. a5 Rf8 37. axb6 axb6 38. Kg2 Rd2+ 39. Ne2 Rf5 40. Rxe6 b5 41. Kg3 Rd3+ 42. Kg2 Kf7 43. Re4 h5 44. Nf4 Rd2+ 45. Kg3 Rd1 46. Ne6 Rd3+ 47. Kh4 Rd1 48. Ng5+ Kf8 49. Ne6+ Kg8 50. Kg3 g5 51. Be3 g4 52. Nd4 Rd5 53. Kh4 Re1 54. Kg3 Kf7 55.
Kf2 Ra1 56. Rf4+ Kg6 57. Rf8 Re5 58. Bf4 Ra2+ 59. Kg3 Re1 60.
Rg8+ Kf7 61. Rg5 Rg1+ 0-1

[Event "RUS-ch Rapid 2021"]
[Site "Sochi"]
[Date "2021.10.13"]
[Round "11.4"]
[White "Demidov, Mikhail"]
[Black "Gochelashvili, David"]
[Result "1-0"]
[ECO "B06"]
[WhiteElo "2551"]
[BlackElo "2400"]
[Annotator "ChessBase"]
[PlyCount "71"]
[EventDate "2021.10.12"]
[EventType "swiss"]
[EventCountry "RUS"]
[SourceTitle "playchess.com"]
[Source "ChessBase"]
[SourceQuality "1"]
[TimeControl "900+10"]

1. g3 g6 2. Bg2 Bg7 3. d4 d6 4. Nc3 c6 5. e4 e5 6. Nge2 Be6 7. Be3 Ne7 8. Qd2 b5 9. a3 Qc8 10. f4 O-O 11. O-O a6 12. Rad1 Re8 13.
fxe5 dxe5 14. d5 cxd5 15. exd5 Bh3 16. Bxh3 Qxh3 17. Ne4 Nf5 18. Nf2 Qh5 19. g4 Qh4 20. Bg5 Bh6 21. Bxh4 Bxd2 22. gxf5 Be3 23. Rd3 Bb6 24. fxg6 hxg6 25. Kg2 e4 26. Rg3 Bc7 27. Rg4 Nd7 28. Rxe4 Ne5 29. Bf6 Nd7 30. Bc3 f5 31. Re6 Kf7 32. Nd4 Nb6 33. Nh3 Nxd5 34. Ng5+ Kg7 35. Nxf5+ Kf8 36. Nd6+ 1-0

[Event "RUS-ch Rapid 2021"]
[Site "Sochi"]
[Date "2021.10.13"]
[Round "11.5"]
[White "Moiseenko, Vadim"]
[Black "Petrov, Nikita"]
[Result "1/2-1/2"]
[ECO "A12"]
[WhiteElo "2542"]
[BlackElo "2539"]
[Annotator "ChessBase"]
[PlyCount "85"]
[EventDate "2021.10.12"]
[EventType "swiss"]
[EventCountry "RUS"]
[SourceTitle "playchess.com"]
[Source "ChessBase"]
[SourceQuality "1"]
[TimeControl "900+10"]

1. b3 d5 2. Bb2 Bg4 3. d4 Nf6 4. Nd2 e6 5. Ngf3 Nbd7 6. e3 Bd6 7. Be2 O-O 8. O-O Qe7 9. c4 c6 10. Qc2 a5 11. Bd3 Bh5 12. Ne5 Bg6 13.
Nxg6 hxg6 14. c5 Bc7 15. f4 g5 16. Rae1 g4 17. Be2 b6 18.
cxb6 Bxb6 19. Qd1 a4 20. Bxg4 axb3 21. axb3 Nxg4 22. Qxg4 Ba5 23. Qe2 Nf6 24. Ra1 Bxd2 25. Qxd2 Ne4 26. Qc2 Qb4 27. Rxa8 Rxa8 28. Qxc6 Rb8 29. f5 Qxb3 30. Bc1 exf5 31. Rxf5 Nf6 32. h3 Qd3 33. Rf1 Rb1 34. Qc8+ Kh7 35. Qc7 Ra1 36. Re1 Ra2 37. Kh2 Qe4 38. Qg3 Qf5 39. Kg1 Ne4 40. Qh4+ Kg8 41. Qd8+ Kh7 42. Qh4+ Kg8 43. Qd8+ 1/2-1/2

[Event "RUS-ch Rapid 2021"]
[Site "Sochi"]
[Date "2021.10.13"]
[Round "11.6"]
[White "Antipov, Mikhail Al."]
[Black "Triapishko, Alexandr"]
[Result "1-0"]
[ECO "B13"]
[WhiteElo "2619"]
[BlackElo "2506"]
[Annotator "RC"]
[PlyCount "69"]
[EventDate "2021.10.12"]
[EventType "swiss"]
[EventCountry "RUS"]
[SourceTitle "playchess.com"]
[Source "ChessBase"]
[SourceQuality "1"]
[TimeControl "900+10"]

1. e4 c6 2. d4 d5 3. exd5 cxd5 4. Bd3 Nf6 5. h3 Nc6 6. c3 g6 7. Nf3 Bf5 8. Be2 e6 9. O-O Qc7 10. Re1 a6 11. c4 Bg7 12. Nc3 O-O 13.
Be3 dxc4 14. Bxc4 Rfd8 15. Bb3 Na5 16. Rc1 Qe7 17. Ne5 Ne4 18.
Qf3 Nxb3 19. axb3 Nxc3 20. bxc3 f6 21. Nc4 e5 22. dxe5 fxe5 23.
Nb6 Rab8 24. c4 e4 25. Qg3 Be5 26. Bf4 Bxf4 27. Qxf4 Qd6 28. Qe3 h5 29. Nd5 b5 30. Qg5 bxc4 31. Rcd1 Qe6 32. bxc4 Kf7 33. f3 Rb3 34. Qxd8 Bxh3 35. Rxe4 1-0

[Event "RUS-ch Rapid 2021"]
[Site "Sochi"]
[Date "2021.10.13"]
[Round "11.8"]
[White "Belozerov, Andrei"]
[Black "Grachev, Boris"]
[Result "1-0"]
[ECO "B45"]
[WhiteElo "2476"]
[BlackElo "2615"]
[Annotator "RC"]
[PlyCount "83"]
[EventDate "2021.10.12"]
[EventType "swiss"]
[EventCountry "RUS"]
[SourceTitle "playchess.com"]
[Source "ChessBase"]
[SourceQuality "1"]
[TimeControl "900+10"]

1. e4 c5 2. Nf3 e6 3. d4 cxd4 4. Nxd4 Nf6 5. Nc3 Nc6 6. Ndb5 Bc5 7. Bf4 O-O 8. Bc7 Qe7 9. Bd6 Bxd6 10. Qxd6 Qd8 11. O-O-O a6 12. Nd4 Na5 13. g4 b5 14. g5 Ne8 15. Qg3 Bb7 16. Bd3 Qb6 17. Nce2 Nd6 18.
Qh4 e5 19. Rhg1 Rfe8 20. Nf3 g6 21. Rg4 Nf5 22. exf5 Bxf3 23. Qh6 Re6 24. fxe6 Qxe6 25. Rh4 d6 26. Re1 Qxa2 27. Qxh7+ Kf8 28. Qh8+ Ke7 29. Qf6+ Kd7 30. Qxf3 Rc8 31. Nc3 Qa1+ 32. Kd2 Qxb2 33. Qxf7+ Kc6 34. Be4+ Kc5 35. Qa7+ Kb4 36.
Bd5+ Rc4 37. Rb1 Nb3+ 38. Kd1 Qxb1+ 39. Nxb1 Rxh4 40. c3+ Ka4 41. Qxa6+ Na5 42. Kc2 1-0

[Event "RUS-ch Rapid 2021"]
[Site "Sochi"]
[Date "2021.10.13"]
[Round "11.9"]
[White "Popov, Valerij"]
[Black "Sarana, Alexey"]
[Result "1-0"]
[ECO "D37"]
[WhiteElo "2537"]
[BlackElo "2649"]
[Annotator "RC"]
[PlyCount "87"]
[EventDate "2021.10.12"]
[EventType "swiss"]
[EventCountry "RUS"]
[SourceTitle "playchess.com"]
[Source "ChessBase"]
[SourceQuality "1"]
[TimeControl "900+10"]

1. Nf3 d5 2. d4 Nf6 3. c4 e6 4. e3 Be7 5. Nc3 O-O 6. Qc2 Nbd7 7. cxd5 exd5 8. Bd3 c6 9. O-O Bd6 10. Bd2 Re8 11. Rfe1 Nf8 12. h3 Ng6 13. Rab1 a5 14. a3 Bc7 15. b4 axb4 16. axb4 Qd6 17. e4 dxe4 18. Nxe4 Nxe4 19. Bxe4 Be6 20. b5 Ra2 21. Qc5 Rd8 22. Qxd6 Bxd6 23. bxc6 bxc6 24. Bxc6 Bf4 25. Bb4 h6 26. d5 Bf5 27. Ra1 Rxa1 28. Rxa1 Be4 29. Ra8 Rxa8 30. Bxa8 Bb8 31. Nd2 Bd3 32. d6 Ne5 33. f4 Ng6 34. g3 Nf8 35. Bc6 Bf5 36. Kg2 Ne6 37. Nf3 Nd8 38.
Bd5 Be6 39. Bxe6 Nxe6 40. Ne5 Ba7 41. d7 Bb6 42. Be7 f6 43.
Nc6 Kf7 44. d8=Q 1-0

[Event "RUS-ch Rapid 2021"]
[Site "Sochi"]
[Date "2021.10.13"]
[Round "11.10"]
[White "Vastrukhin, Oleg"]
[Black "Riazantsev, Alexander"]
[Result "0-1"]
[ECO "D02"]
[WhiteElo "2382"]
[BlackElo "2634"]
[Annotator "RC"]
[PlyCount "142"]
[EventDate "2021.10.12"]
[EventType "swiss"]
[EventCountry "RUS"]
[SourceTitle "playchess.com"]
[Source "ChessBase"]
[SourceQuality "1"]
[TimeControl "900+10"]

1. Nf3 d5 2. g3 Nc6 3. d4 Bf5 4. Bg2 e6 5. O-O Nb4 6. Na3 h5 7. c3 Nc6 8. Qb3 Bxa3 9. Qxa3 Be4 10. Qb3 b6 11. Re1 h4 12. Qa4 Qd7 13.
Nxh4 Bxg2 14. Kxg2 O-O-O 15. Qa6+ Kb8 16. a4 f6 17. Ng6 Rh7 18.
h4 e5 19. dxe5 fxe5 20. Bg5 Re8 21. Qb5 Qd6 22. Nxe5 Rxe5 23. Bf4 Nf6 24. a5 Qc5 25. Qxc5 bxc5 26. Bxe5 Nxe5 27. a6 c6 28. Ra5 Ned7 29. c4 Kc7 30. cxd5 Nxd5 31. e4 Nb4 32. Re2 g6 33. e5 Re7 34. f4 Kb6 35. Ra1 c4 36. Rd1 Nd5 37. Kf3 Nc5 38.
Rd4 Kb5 39. Rc2 Nb3 40. Rd1 Kc5 41. Ke4 Nf6+ 42. Kf3 Nd5 43.
Ke4 Nf6+ 44. Kf3 Nd5 45. Ke4 Nf6+ 46. Kf3 Nd5 47. Ke4 Nb4 48. Rh2 Nd3 49. h5 gxh5 50. Rxd3 cxd3 51. Kxd3 Rg7 52. Rh3 Kd5 53. Ke3 Nd4 54. Kf2 Nf5 55. Kf3 c5 56. Rxh5 Nxg3 57. Rh8 Nf5 58. Rd8+ Kc4 59. Ke4 Nd4 60. Rb8 Rg1 61. Ke3 Re1+ 62. Kf2 Re2+ 63. Kg3 Nc6 64. Rb7 Kd5 65. Kf3 Nd4+ 66. Kg3 Ke4 67. Rxa7 Rxb2 68. Rc7 Ne6 69. Rc6 Kf5 70. a7 Ra2 71. Rc8 Rxa7 0-1

[Event "RUS-ch Rapid 2021"]
[Site "Sochi"]
[Date "2021.10.13"]
[Round "11.11"]
[White "Smirnov, Timofey"]
[Black "Dreev, Aleksey"]
[Result "0-1"]
[ECO "B45"]
[WhiteElo "2409"]
[BlackElo "2635"]
[Annotator "RC"]
[PlyCount "66"]
[EventDate "2021.10.12"]
[EventType "swiss"]
[EventCountry "RUS"]
[SourceTitle "playchess.com"]
[Source "ChessBase"]
[SourceQuality "1"]
[TimeControl "900+10"]

1. e4 c5 2. Nf3 e6 3. d4 cxd4 4. Nxd4 Nf6 5. Nc3 Nc6 6. Ndb5 Bc5 7. Bf4 O-O 8. Bc7 Qe7 9. Bd6 Bxd6 10. Qxd6 Qd8 11. O-O-O a6 12. Nd4 Ne7 13. f3 b5 14. Nb3 Ne8 15. Qd2 Qc7 16. g4 b4 17. Na4 Rb8 18.
Nac5 d6 19. Nxa6 Bxa6 20. Bxa6 Qa7 21. Qe2 Rb6 22. Bb5 Nc7 23. Bc4 Qxa2 24. Rd4 d5 25. exd5 Ncxd5 26. f4 Nc6 27. Re4 Nc3 28. bxc3 bxc3 29. Qd3 Rxb3 30. cxb3 Qb2+ 31. Kd1 Rd8 32. Bd5 c2+ 33. Qxc2 Rxd5+ 0-1

[Event "RUS-ch Rapid 2021"]
[Site "Sochi"]
[Date "2021.10.13"]
[Round "11.12"]
[White "Afanasiev, Nikita"]
[Black "Bryakin, Mikhail"]
[Result "1-0"]
[ECO "B12"]
[WhiteElo "2560"]
[BlackElo "2498"]
[Annotator "ChessBase"]
[PlyCount "97"]
[EventDate "2021.10.12"]
[EventType "swiss"]
[EventCountry "RUS"]
[SourceTitle "playchess.com"]
[Source "ChessBase"]
[SourceQuality "1"]
[TimeControl "900+10"]

1. e4 c6 2. d4 d5 3. e5 Bf5 4. Nd2 e6 5. Nb3 Nd7 6. Nf3 Ne7 7. Be2 a5 8. a4 h6 9. O-O Bh7 10. c3 Nf5 11. Ne1 Be7 12. Nd3 O-O 13. Nf4 Nh4 14. g3 Ng6 15. Ng2 f5 16. h4 Re8 17. h5 Nh8 18. Nf4 Bg5 19. c4 Bxf4 20.
Bxf4 Nf7 21. Rc1 Ng5 22. Rc3 Ne4 23. Rc1 Qe7 24. Nd2 Nxd2 25.
Qxd2 Kh8 26. b3 Nb6 27. Qa2 Rec8 28. Rfd1 Bg8 29. Rc2 c5 30. Qb2 cxd4 31. Qxd4 Rc6 32. Be3 Rac8 33. Bf3 Bf7 34. Qd2 Qb4 35. Qxb4 axb4 36. Rcd2 Nd7 37. Bf4 Nc5 38. cxd5 exd5 39. Bxd5 Bxd5 40. Rxd5 Nxb3 41. Rb5 Nc5 42. Rxb4 Ra8 43. Be3 Ne6 44. Rd6 Raa6 45. Rd7 b6 46. Rd6 Rxd6 47. exd6 b5 48. axb5 Rxd6 49. b6 1-0

[Event "RUS-ch Rapid 2021"]
[Site "Sochi"]
[Date "2021.10.13"]
[Round "11.13"]
[White "Kukhmazov, Arsen"]
[Black "Lysyj, Igor"]
[Result "1/2-1/2"]
[ECO "E16"]
[WhiteElo "2472"]
[BlackElo "2603"]
[Annotator "RC"]
[PlyCount "96"]
[EventDate "2021.10.12"]
[EventType "swiss"]
[EventCountry "RUS"]
[SourceTitle "playchess.com"]
[Source "ChessBase"]
[SourceQuality "1"]
[TimeControl "900+10"]

1. d4 Nf6 2. c4 e6 3. Nf3 b6 4. g3 Bb7 5. Bg2 Bb4+ 6. Bd2 c5 7. Bxb4 cxb4 8.
Qd3 O-O 9. O-O d6 10. Nbd2 Qe7 11. a3 bxa3 12. Qxa3 Re8 13. b4 e5 14. e3 Nbd7 15. Rfc1 Rec8 16. Nxe5 Nxe5 17. dxe5 dxe5 18. Bxb7 Qxb7 19. c5 bxc5 20. bxc5 Qd5 21. Rc2 h5 22. Qb4 e4 23. h4 Rc7 24. Qd4 Qe6 25. Kg2 Rac8 26. Ra4 Qc6 27. Nb3 Qe6 28. Nd2 Qc6 29. Nb3 Qe8 30. Ra6 Rb8 31. Nd2 Qb5 32. Rxf6 gxf6 33. Nxe4 Qc6 34. Kh2 Kg7 35. Rc4 Rb1 36. Qd3 Ra1 37. Rd4 Re7 38. Qc3 Rb1 39. Rd6 Qxe4 40. Qxf6+ Kh7 41. Qh6+ Kg8 42. Qg5+ Kf8 43. Qh6+ Kg8 44. Rd8+ Re8 45. Qg5+ Kf8 46. Qh6+ Kg8 47. Qg5+ Kf8 48. Qh6+ Kg8 1/2-1/2

[Event "RUS-ch Rapid 2021"]
[Site "Sochi"]
[Date "2021.10.13"]
[Round "11.14"]
[White "Ivlev, Aleksey"]
[Black "Kezin, Roman"]
[Result "0-1"]
[ECO "E04"]
[WhiteElo "2315"]
[BlackElo "2492"]
[Annotator "ChessBase"]
[PlyCount "88"]
[EventDate "2021.10.12"]
[EventType "swiss"]
[EventCountry "RUS"]
[SourceTitle "playchess.com"]
[Source "ChessBase"]
[SourceQuality "1"]
[TimeControl "900+10"]

1. d4 d5 2. c4 e6 3. Nf3 Nf6 4. g3 dxc4 5. Bg2 c6 6. Ne5 Bb4+ 7. Nc3 Nd5 8. Bd2 Nb6 9. e3 N8d7 10. Nf3 O-O 11. O-O Re8 12. e4 e5 13.
dxe5 Nxe5 14. Nxe5 Rxe5 15. Be3 Qxd1 16. Rfxd1 Re8 17. Ne2 f5 18. exf5 Bxf5 19. Nd4 Bg6 20. a3 Bc5 21. Nf5 Bxf5 22. Bxc5 Na4 23. Bd4 Rad8 24. f4 Bg4 25. Rd2 Re2 26. Rxe2 Bxe2 27. Be5 Rd2 28. Bh3 Nxb2 29. Rb1 Rd1+ 30. Rxd1 Nxd1 31. Bd4 b6 32. Bd7 c5 33. Be5 Bd3 34. Bg4 Ne3 35. Be6+ Kf8 36. Bd6+ Ke8 37. Be5 Bf5 38. Bxf5 Nxf5 39. Kf2 g6 40. Bb8 Kd7 41. Be5 Nd4 42. a4 c3 43. Ke3 c2 44. Kd2 Nf3+ 0-1

[Event "RUS-ch Rapid 2021"]
[Site "Sochi"]
[Date "2021.10.13"]
[Round "11.15"]
[White "Kokarev, Dmitry"]
[Black "Makarian, Rudik"]
[Result "0-1"]
[ECO "B94"]
[WhiteElo "2579"]
[BlackElo "2470"]
[Annotator "ChessBase"]
[PlyCount "52"]
[EventDate "2021.10.12"]
[EventType "swiss"]
[EventCountry "RUS"]
[SourceTitle "playchess.com"]
[Source "ChessBase"]
[SourceQuality "1"]
[TimeControl "900+10"]

1. e4 c5 2. Nf3 d6 3. d4 cxd4 4. Nxd4 Nf6 5. Nc3 a6 6. Bg5 Nbd7 7. f4 Qc7 8. Qf3 b5 9. O-O-O Bb7 10. Bd3 Qb6 11. Bxf6 Nxf6 12. g4 g6 13. g5 Nd7 14. Nde2 Bg7 15. Nd5 Bxd5 16. exd5 Nc5 17. f5 Be5 18. Rdf1 Qa5 19. fxg6 fxg6 20. a3 b4 21. Bc4 Rb8 22. a4 Nxa4 23. b3 Nb6 24. Qg4 Rc8 25. Bd3 Qxd5 26. Nf4 Bxf4+ 0-1

[Event "RUS-ch Rapid 2021"]
[Site "Sochi"]
[Date "2021.10.13"]
[Round "11.16"]
[White "Oganian, Miran"]
[Black "Iljiushenok, Ilia"]
[Result "0-1"]
[ECO "E92"]
[WhiteElo "2441"]
[BlackElo "2554"]
[Annotator "ChessBase"]
[PlyCount "98"]
[EventDate "2021.10.12"]
[EventType "swiss"]
[EventCountry "RUS"]
[SourceTitle "playchess.com"]
[Source "ChessBase"]
[SourceQuality "1"]
[TimeControl "900+10"]

1. d4 Nf6 2. c4 g6 3. Nc3 Bg7 4. e4 d6 5. Nf3 O-O 6. Be2 e5 7. Be3 exd4 8.
Nxd4 Re8 9. f3 c6 10. Bf2 d5 11. exd5 cxd5 12. O-O Nc6 13. c5 a6 14. Qd2 Qa5 15. Rac1 Bd7 16. Rfd1 Rad8 17. Bf1 Nxd4 18. Bxd4 Bc6 19. a3 Nh5 20. Bxg7 Nxg7 21. Ne4 Qxd2 22. Nf6+ Kh8 23. Rxd2 Re6 24. Ne4 Nf5 25. Kf2 Rde8 26. Ng5 R6e7 27. Bd3 Nd4 28. Rc3 Kg7 29. Nh3 Ne6 30. b4 f5 31. Rc1 Kf6 32. Bb1 g5 33. Ba2 g4 34. Ng1 Bb5 35.
fxg4 fxg4 36. Bxd5 Rd8 37. Kg3 Kg5 38. Re1 Ng7 39. h4+ Kh6 40.
Rxe7 Nf5+ 41. Kf4 Nxe7 42. Ke5 Bc6 43. Ne2 Nxd5 44. Nd4 Kh5 45.
g3 Ne3 46. Kf6 Nf1 47. Ne6 Rf8+ 48. Nxf8 Nxd2 49. Ne6 Ne4+ 0-1

[Event "RUS-ch Rapid 2021"]
[Site "Sochi"]
[Date "2021.10.13"]
[Round "11.17"]
[White "Savchenko, Boris"]
[Black "Shubin, Kirill"]
[Result "0-1"]
[ECO "C00"]
[WhiteElo "2535"]
[BlackElo "2463"]
[Annotator "RC"]
[PlyCount "114"]
[EventDate "2021.10.12"]
[EventType "swiss"]
[EventCountry "RUS"]
[SourceTitle "playchess.com"]
[Source "ChessBase"]
[SourceQuality "1"]
[TimeControl "900+10"]

1. e4 e6 2. Qe2 c5 3. g3 Nc6 4. Bg2 g6 5. d3 Bg7 6. Nf3 Nge7 7. h4 h6 8. c3 e5 9. Nbd2 d6 10. a4 b6 11. Nc4 Be6 12. O-O Qd7 13. Nh2 O-O 14. h5 Rae8 15.
hxg6 fxg6 16. Be3 d5 17. exd5 Bxd5 18. Be4 Nf5 19. Kg2 Nce7 20. Rh1 Nxe3+ 21. Qxe3 Be6 22. Nf3 Nf5 23. Qe2 Bf7 24. Nfd2 Rd8 25. Nf1 Ne7 26. Nfe3 Be6 27. Rh4 Rf7 28. Rhh1 Rdf8 29. f3 h5 30. Qc2 Qc7 31. Rae1 a6 32. a5 b5 33. Nb6 Qd6 34. c4 Bh6 35.
Qe2 Kg7 36. Nc2 b4 37. Ne3 b3 38. Na4 Nc6 39. Ref1 Nd4 40. Qe1 Nc2 41. Nxc2 bxc2 42. Qf2 c1=Q 43. Rxc1 Bxc1 44. Rxc1 Bg4 45. Qxc5 Bxf3+ 46. Bxf3 Qxd3 47. Qxe5+ Kh7 48. Rc3 Qd2+ 49. Kh3 Rxf3 50. Rxf3 Rxf3 51. Nc3 Qf2 52. Ne4 Qf1+ 53. Kh2 Rf5 54. Qe7+ Kh6 55. c5 h4 56. gxh4 Qe2+ 57. Kh3 Rf3+ 0-1